 Dungeon Crawl Stone Soup version 0.29.1-12-g30fa7ad0bf (webtiles) character file.

Game seed: 16125908352785577274

45 mopl the Sneak (level 3, -8/24 HPs)
             Began as a Formicid Enchanter on Jan 15, 2023.
             Mangled by Terence
             ... wielding a +4 hand axe of flaming
              (10 damage)
             ... on level 2 of the Dungeon.
             The game lasted 00:02:38 (1742 turns).

mopl the Sneak (Formicid Enchanter)                 Turns: 1742, Time: 00:02:39

Health: -8/24      AC:  3    Str: 12    XL:     3   Next: 90%
Magic:  2/7        EV: 10    Int: 16    God:
Gold:   43         SH:  7    Dex: 14    Spells: 2/7 levels left

rFire   . . .      SeeInvis +   a - +1 dagger
rCold   . . .      Faith    .   i - +0 kite shield
rNeg    . . .      Spirit   .   b - +0 robe
rPois   .          Reflect  .   (helmet unavailable)
rElec   .          Harm     .   (no cloak)
rCorr   .          Rampage  .   (no gloves)
Will    .....                   m - +0 pair of boots
Stlth   +++.......              (no amulet)
HPRegen 0.08/turn               d - +4 ring of slaying
MPRegen 0.10/turn               (no ring)

@: invisible
A: permanent stasis, dig shafts and tunnels, antennae 3, four strong arms
a: Dig, Shaft Self


You were on level 2 of the Dungeon.
You visited 1 branch of the dungeon, and saw 2 of its levels.

You collected 43 gold pieces.

Inventory:

Hand Weapons
 a - a +1 dagger (weapon)
Missiles
 e - 4 silver javelins
 f - a poisoned dart (quivered)
 q - 5 javelins
Armour
 b - a +0 robe (worn)
 i - a +0 kite shield (worn)
 m - a +0 pair of boots (worn)
Magical Staves
 u - a staff of cold
Jewellery
 d - a +4 ring of slaying (left hand)
Scrolls
 g - 3 scrolls of immolation {unknown}
 j - a scroll of noise {unknown}
 k - a scroll of vulnerability {unknown}
 l - a scroll of blinking {unknown}
 o - a scroll of magic mapping {unknown}
 p - a scroll of amnesia {unknown}
Potions
 c - 2 potions of invisibility
 h - 3 potions of magic {unknown}
 n - a potion of haste {unknown}
 r - a potion of might {unknown}
 s - a potion of attraction {unknown}
 t - a potion of berserk rage {unknown}


   Skills:
 - Level 1.0 Short Blades
 - Level 1.7 Dodging
 + Level 4.3 Stealth
 + Level 0.8 Shields
 + Level 2.7 Spellcasting
 + Level 4.1 Hexes
 + Level 1.0 Ice Magic


You had 2 spell levels left.
You knew the following spells:

 Your Spells              Type           Power      Damage    Failure   Level
a - Confusing Touch       Hex            15%        N/A       26%         3
b - Ensorcelled Hibernat  Hex/Ice        20%        N/A       26%         2

Your spell library contained the following spells:

 Spells                   Type           Power      Damage    Failure   Level
 Apportation              Tloc           4%         N/A       45%         1
 Tukima's Dance           Hex            15%        N/A       26%         3
 Dazzling Flash           Conj/Hex       16%        N/A       54%         3
 Alistair's Intoxication  Tmut/Pois      1%         N/A       100%        5


Dungeon Overview and Level Annotations

Branches:
Dungeon (2/15)

Altars:

Annotations:
D:2 Terence


Innate Abilities, Weirdness & Mutations

You cannot be hasted, slowed, berserked, paralysed or teleported.
You can dig through walls and to a lower floor.
You have a pair of large antennae on your head. (SInv)
Your four strong arms can wield two-handed weapons with a shield.


Message History

Terence is nearby!
Unknown command.
Unknown command.
Unknown command.
Throw: 2 darts (poison)
Press: ? - help, Q - select action, (/) - cycle Shift-Dir - straight line, f/p - Terence
Aim: Terence, wielding a +4 hand axe of flaming and wearing a +0 ring mail (66% to hit)
You throw a poisoned dart. The poisoned dart hits Terence.
Terence is poisoned.
Unknown command.
You hit Terence.
Terence is moderately wounded.
Terence barely misses you.
You closely miss Terence.
Terence is moderately wounded.
Terence closely misses you.
You hit Terence.
Terence is heavily wounded.
Terence hits you with a +4 hand axe of flaming!
Terence burns you.
Your magical contamination has completely faded away.
You are too injured to fight recklessly!
You are too injured to fight recklessly!
You are too injured to fight recklessly!
You hit Terence.
Terence is heavily wounded.
Terence hits you with a +4 hand axe of flaming!
* * * LOW HITPOINT WARNING * * *
Terence burns you.
* * * LOW HITPOINT WARNING * * *
You fade into invisibility!
You block Terence's attack.
Terence looks more healthy.
You closely miss Terence.
Terence is heavily wounded.
Terence says, "Don't bother to defend, it's senseless."
Terence closely misses you.
You puncture Terence!
Terence is almost dead.
Terence hits you with a +4 hand axe of flaming!
You die...

#....... #........
#...[..# #........
#)####.# #........
#......# #........
#(.##### #........
#..#########........
######.[.................
#......@.......##..wg....
#.......@......##....{.##
#...............#.#######
#...............#..### #
#...............##...## #
#......#........####..# #
#......+........# ##.# #
#......#........# #.###
#......#........#####...#
#......+............###..


You could see Terence (unable to see you).

Vanquished Creatures
  An adder (D:2)
  2 dart slugs (D:1)
  An endoplasm (D:1)
  2 giant cockroaches
  4 hobgoblins
  A quokka (D:1)
  6 ball pythons (D:1)
  A bat (D:1)
  2 frilled lizards
  5 goblins
  4 kobolds (D:1)
  3 rats (D:1)
32 creatures vanquished.

Notes
Turn   | Place    | Note
-------+----------+-------------------------------------------
     0 | D:1      | mopl the Formicid Enchanter began the quest for the Orb.
     0 | D:1      | Reached XP level 1. HP: 13/13 MP: 3/3
   221 | D:1      | Reached XP level 2. HP: 18/19 MP: 5/5
   228 | D:1      | Learned a level 2 spell: Ensorcelled Hibernation
   251 | D:1      | Reached skill level 4 in Stealth
   531 | D:1      | Reached skill level 4 in Hexes
   562 | D:1      | Reached XP level 3. HP: 24/24 MP: 6/6
   753 | D:1      | Learned a level 3 spell: Confusing Touch
  1438 | D:2      | Reached skill level 1 in Ice Magic
  1723 | D:2      | Noticed Terence
  1742 | D:2      | Mangled by Terence

Illustrated notes

Levels and vault maps discovered:
D:1:      shiori_arrival_oz, layout_rooms
D:2:      layout_basic, kennysheep_generic_room_2, uniq_terence

Skill      XL: |  1  2  3 |
---------------+----------+-----
Stealth        | 4 |  4.3
Hexes          | 4 |  4.1
Ice Magic      | 1 |  1.0
Short Blades   | |  1.0
Dodging        | |  1.7
Shields        | |  0.8
Spellcasting   | |  2.7

Action                   || total
-------------------------++-------
Melee: Dagger            ||    81
       Punch             ||     1
Throw: Dart              ||     1
 Cast: Ensorcelled Hiber ||     3
  Use: Potion            ||     1
 Stab: Sleeping          ||     6
Armor: Robe              ||     9
Dodge: Dodged            ||    41
Block: Kite shield       ||     3
